 Dungeon Crawl Stone Soup version 0.20.1-1-g8b1a95d (webtiles) character file.

53 Gargoyl the Skirmisher (level 3, -6/34 HPs)
             Began as a Minotaur Abyssal Knight on Aug 17, 2017.
             Was a Follower of Lugonu.
             Mangled by an ice beast (8 damage)
             ... on level 3 of the Dungeon.
             The game lasted 00:02:58 (1214 turns).

Gargoyl the Skirmisher (Minotaur Abyssal Knight)    Turns: 1214, Time: 00:02:59

Health: -6/34      AC:  9    Str: 16    XL:     3   Next: 64%
Magic:  3/3        EV:  4    Int:  9    God:    Lugonu [*.....]
Gold:   105        SH:  8    Dex: 10    Spells: 2/2 levels left

rFire    + . .     SeeInvis .   a - +1 hand axe
rCold    . . .     Gourm    .   l - +1 shield
rNeg     . . .     Faith    .   h - +0 chain mail
rPois    .         Spirit   .   (helmet restricted)
rElec    .         Reflect  .   (no cloak)
rCorr    .         Harm     .   (no gloves)
MR       .....                  (no boots)
Stlth    ..........             (no amulet)
Regen    0.2/turn               (no ring)
MPRegen  0.1/turn               (no ring)

@: no status effects
A: retaliatory headbutt, horns 2, fire resistance 1, wild magic 1
a: Depart the Abyss, Renounce Religion


You were on level 3 of the Dungeon.
You worshipped Lugonu.
Lugonu was aware of your devotion.
You were not hungry.

You visited 1 branch of the dungeon, and saw 3 of its levels.
You visited the Abyss 1 time.

You collected 105 gold pieces.

Inventory:

Hand Weapons
 a - a +1 hand axe (weapon)
Missiles
 k - 2 tomahawks (quivered)
Armour
 h - a +0 chain mail (worn)
 l - a +1 shield (worn)
Scrolls
 e - 6 scrolls of identify
 j - 2 scrolls of remove curse
 n - a scroll of recharging {unknown}
Potions
 f - 3 potions of curing {unknown}
 m - 2 potions of cancellation {unknown}
Comestibles
 b - 3 meat rations
 c - 3 bread rations
 d - a royal jelly
 i - 4 fruits


   Skills:
 + Level 4.5 Fighting
 + Level 2.6 Axes
 * Level 3.2 Armour
 + Level 1.3 Dodging
 + Level 0.2 Shields
 * Level 2.3 Invocations


You had 2 spell levels left.
You didn't know any spells.

Dungeon Overview and Level Annotations

Branches:
Dungeon (3/15)

Altars:


Innate Abilities, Weirdness & Mutations

You reflexively headbutt those who attack you in melee.
You have a pair of horns on your head.
Your flesh is heat resistant. (rF+)
Your spells are a little harder to cast, but a little more powerful.


Message History

You hit the ice beast but do no damage.
The ice beast is lightly wounded.
You block the ice beast's attack.
You hit the ice beast. Your headbutt misses the ice beast.
The ice beast is lightly wounded.
The ice beast hits you but does no damage. x2
Your shield and chain mail prevent you from hitting the ice beast.
The ice beast is lightly wounded.
The ice beast hits you but does no damage.
You hit the ice beast.
The ice beast is lightly wounded.
The ice beast hits you but does no damage.
Your shield and chain mail prevent you from hitting the ice beast.
The ice beast is lightly wounded.
The ice beast hits you. The ice beast freezes you!
* * * LOW HITPOINT WARNING * * *
The ice beast hits you.
* * * LOW HITPOINT WARNING * * *
The ice beast freezes you!
You die...

..)......+
....$....#
#.#.#.#..#
#........#
#.#.#.#..#
#........#
#.#.#.#.#
#)@.....#
##Y#.#..##
#.<......#
#......#.#
#.#.......
.. ....#.#
.#.
......#
..#.
......# ##
#. ......#


You could see an ice beast.

Vanquished Creatures
  An adder (D:2)
  An ooze (D:2)
  A worm (D:2)
  2 leopard geckos
  An orc (D:3)
  A ball python (D:1)
  2 giant cockroaches (D:1)
  2 goblins
  8 hobgoblins
  3 jackals (D:2)
  3 bats
  2 kobolds
  3 rats
30 creatures vanquished.

Notes
Turn   | Place    | Note
-------+----------+-------------------------------------------
     0 | Abyss:1  | Gargoyl the Minotaur Abyssal Knight began the quest for the Orb.
     0 | Abyss:1  | Reached XP level 1. HP: 19/19 MP: 1/1
    64 | Abyss:1  | Noticed a small abomination
    68 | Abyss:1  | Gained mutation: Your flesh is heat resistant. (rF+) [potion of mutation]
    68 | Abyss:1  | Gained mutation: Your spells are a little harder to cast, but a little more powerful. [potion of mutation]
    69 | Abyss:1  | Noticed a glowing orange brain
    69 | D:1      | Escaped the Abyss
   268 | D:1      | Reached skill level 4 in Fighting
   268 | D:1      | Reached XP level 2. HP: 27/27 MP: 2/2
   295 | D:1      | Reached * piety under Lugonu
   395 | D:1      | You fall through a shaft!
   652 | D:2      | Reached XP level 3. HP: 33/33 MP: 3/3
  1149 | D:2      | Found a faded altar of an unknown god.
  1198 | D:3      | Noticed an ice beast
  1214 | D:3      | Mangled by an ice beast

Skill      XL: |  1  2 |
---------------+-------+-----
Invocations    | 2 |  2.3
Fighting       | 4 |  4.5
Armour         | 3 |  3.2
Axes           | |  2.6
Dodging        | |  1.3
Shields        | |  0.2

Action                   || total
-------------------------++-------
Melee: Hand axe          ||    89
       Headbutt          ||    13
Invok: Depart the Abyss  ||     1
  Use: Scroll            ||     4
       Potion            ||     1
  Eat: Chunk             ||     1
Armor: Leather armour    ||     2
       Chain mail        ||    57
Dodge: Dodged            ||    35
Block: Shield            ||    28
